 Dungeon Crawl Stone Soup version 0.26-a0-540-g8a0c9464d7 (webtiles) character file.

Game seed: 1473595970754062594

386 Gargoyl the Skirmisher (level 6, -1/53 HPs)
             Began as a Gnoll Abyssal Knight on Aug 15, 2020.
             Was a Believer of Lugonu.
             Slain by Edmund
             ... wielding a +2 flail of protection
              (7 damage)
             ... on level 3 of the Dungeon.
             The game lasted 00:03:47 (3893 turns).

Gargoyl the Skirmisher (Gnoll Abyssal Knight)       Turns: 3893, Time: 00:03:48

Health: -1/53      AC: 11    Str: 22    XL:     6   Next: 78%
Magic:  9/9        EV:  9    Int: 15    God:    Lugonu [**....]
Gold:   283        SH:  0    Dex: 14    Spells: 9/9 levels left

rFire    . . .     SeeInvis .   a - +1 hand axe
rCold    . . .     Faith    .   (no shield)
rNeg     + . .     Spirit   .   o - +0 chain mail
rPois    .         Reflect  .   (no helmet)
rElec    .         Harm     .   (no cloak)
rCorr    .                      c - +0 pair of gloves (curse)
MR       .....                  (no boots)
Stlth    ..........             j - amulet of magic regeneration
HPRegen  0.17/turn              d - +6 ring of strength
MPRegen  0.36/turn              k - ring of positive energy

@: mighty
A: distributed training, fangs 1, strong nose
a: Depart the Abyss, Bend Space, Renounce Religion


You were on level 3 of the Dungeon.
You worshipped Lugonu.
Lugonu was pleased with you.
You visited 1 branch of the dungeon, and saw 4 of its levels.
You visited the Abyss 1 time.

You collected 283 gold pieces.

Inventory:

Hand Weapons
 a - a +1 hand axe (weapon)
Armour
 b - a +1 leather armour
 c - a cursed +0 pair of gloves (worn)
 o - a +0 chain mail (worn)
Jewellery
 d - a +6 ring of strength (left hand)
 j - an amulet of magic regeneration (around neck)
 k - a ring of positive energy (right hand)
Scrolls
 g - 2 scrolls of identify
 i - a scroll of teleportation
 m - a scroll of remove curse
 q - a scroll of enchant armour
 r - a scroll of immolation {unknown}
Potions
 f - 3 potions of resistance
 h - 2 potions of might
 l - a potion of invisibility
 n - a potion of magic {unknown}
 p - a potion of haste {unknown}


   Skills:
 + Level 6.9 Fighting
 + Level 2.1 Short Blades
 + Level 2.1 Long Blades
 + Level 5.0 Axes
 + Level 2.1 Maces & Flails
 + Level 2.1 Polearms
 + Level 2.1 Staves
 + Level 2.1 Slings
 + Level 2.1 Bows
 + Level 2.1 Crossbows
 + Level 2.1 Throwing
 + Level 5.0 Armour
 + Level 3.3 Dodging
 + Level 2.1 Stealth
 + Level 2.1 Shields
 + Level 2.1 Unarmed Combat
 + Level 2.1 Spellcasting
 + Level 1.6 Conjurations
 + Level 1.6 Hexes
 + Level 1.6 Summonings
 + Level 1.6 Necromancy
 + Level 1.6 Translocations
 + Level 1.6 Transmutations
 + Level 1.6 Fire Magic
 + Level 1.6 Ice Magic
 + Level 1.6 Air Magic
 + Level 1.6 Earth Magic
 + Level 1.6 Poison Magic
 + Level 5.1 Invocations
 + Level 2.1 Evocations


You had 9 spell levels left.
You didn't know any spells.
Your spell library was empty.

Dungeon Overview and Level Annotations

Branches:
Dungeon (4/15)
 Temple: D:4-7

Altars:
Fedhas
Wu Jian

Annotations:
D:3 Edmund


Innate Abilities, Weirdness & Mutations

Your experience applies equally to all skills.
You have very sharp teeth.
Your uncanny sense of smell can sniff out nearby items.


Message History

Your Staves skill increases to level 2!
Your Slings skill increases to level 2!
Your Bows skill increases to level 2!
Your Crossbows skill increases to level 2!
Your Throwing skill increases to level 2!
Your Armour skill increases to level 5!
Your Stealth skill increases to level 2!
Your Shields skill increases to level 2!
Your Unarmed Combat skill increases to level 2!
Your Spellcasting skill increases to level 2!
Your Evocations skill increases to level 2!
You completely miss Edmund.
Edmund hits you with a +2 flail of protection.
* * * LOW HITPOINT WARNING * * *
Your chain mail prevents you from hitting Edmund.
Edmund is moderately wounded.
Unknown command.
You completely miss Edmund. You bite Edmund!
Edmund is moderately wounded.
Edmund hits you with a +2 flail of protection!
You die...

##############
.............#
############.# #.#
#.# #.# #.#
############.#####
................@#
############..##@#
#..##.# ####
#..##.# ...#
#..##.# ##.##
###..##.# #..#
#.......##### ##.#
#.#.........# #.##
#.##.######.#


You could see Edmund.

Vanquished Creatures
  Menkaure (D:3)
  A howler monkey (D:2)
  Jessica (D:2)
  Terence (D:3)
  A worker ant (D:4)
  8 adders
  2 worms
  4 dart slugs
  2 leopard geckos
  An orc (D:3)
  2 ball pythons
  3 giant cockroaches
  6 goblins
  12 hobgoblins
  10 kobolds
  4 quokkas (D:2)
  5 bats
  7 frilled lizards
  7 rats
78 creatures vanquished.

Vanquished Creatures (others)
  A plant (D:2)
1 creature vanquished.

Grand Total: 79 creatures vanquished

Notes
Turn   | Place    | Note
-------+----------+-------------------------------------------
     0 | Abyss:1  | Gargoyl the Gnoll Abyssal Knight began the quest for the
                  | Orb.
     0 | Abyss:1  | Reached XP level 1. HP: 23/23 MP: 3/3
    51 | Abyss:2  | Noticed a starcursed mass
    53 | D:1      | Escaped the Abyss
   274 | D:1      | Reached XP level 2. HP: 26/29 MP: 5/5
   742 | D:1      | Reached * piety under Lugonu
  1035 | D:1      | Reached XP level 3. HP: 35/35 MP: 6/6
  1625 | D:2      | Reached skill level 1 in Short Blades
  1625 | D:2      | Reached skill level 1 in Long Blades
  1625 | D:2      | Reached skill level 1 in Maces & Flails
  1625 | D:2      | Reached skill level 1 in Polearms
  1625 | D:2      | Reached skill level 1 in Staves
  1625 | D:2      | Reached skill level 1 in Slings
  1625 | D:2      | Reached skill level 1 in Bows
  1625 | D:2      | Reached skill level 1 in Crossbows
  1625 | D:2      | Reached skill level 1 in Throwing
  1625 | D:2      | Reached skill level 1 in Stealth
  1625 | D:2      | Reached skill level 1 in Shields
  1625 | D:2      | Reached skill level 1 in Unarmed Combat
  1625 | D:2      | Reached skill level 1 in Spellcasting
  1625 | D:2      | Reached skill level 1 in Evocations
  1625 | D:2      | Reached XP level 4. HP: 21/41 MP: 7/7
  1794 | D:2      | Reached skill level 1 in Conjurations
  1794 | D:2      | Reached skill level 1 in Hexes
  1794 | D:2      | Reached skill level 1 in Summonings
  1794 | D:2      | Reached skill level 1 in Necromancy
  1794 | D:2      | Reached skill level 1 in Translocations
  1794 | D:2      | Reached skill level 1 in Transmutations
  1794 | D:2      | Reached skill level 1 in Fire Magic
  1794 | D:2      | Reached skill level 1 in Ice Magic
  1794 | D:2      | Reached skill level 1 in Air Magic
  1794 | D:2      | Reached skill level 1 in Earth Magic
  1794 | D:2      | Reached skill level 1 in Poison Magic
  1881 | D:2      | Found a blossoming altar of Fedhas.
  1986 | D:2      | Reached XP level 5. HP: 47/47 MP: 8/8
  2016 | D:2      | Found an ornate altar of the Wu Jian Council.
  2280 | D:2      | Noticed Jessica
  2287 | D:2      | Killed Jessica
  2747 | D:3      | Reached ** piety under Lugonu
  3038 | D:3      | Noticed Terence
  3059 | D:3      | Killed Terence
  3059 | D:3      | Reached skill level 5 in Invocations
  3059 | D:3      | Reached XP level 6. HP: 43/53 MP: 9/9
  3869 | D:4      | Noticed Edmund
  3869 | D:4      | Noticed Menkaure
  3891 | D:3      | Killed Menkaure
  3891 | D:3      | Reached skill level 5 in Axes
  3891 | D:3      | Reached skill level 5 in Armour
  3893 | D:3      | Slain by Edmund

Illustrated notes

Levels and vault maps discovered:
D:1:      sevenhm_arrival_forest_fort_small_3, layout_loops_corners,
          minmay_splitting_lines, minmay_cut_off
D:2:      wad_woods_stonehenge, layout_basic, nicolae_overflow_crystal_walls,
          roderic_serpentine_path, uniq_jessica
D:3:      minmay_spotlight, layout_basic, hangedman_decor_clover_reticule,
          chequers_decorated_corner, uniq_terence
D:4:      layout_basic, lemuel_coloured_pillars_altar, gup_sewer_entry_glass,
          minmay_manual_moon, uniq_edmund, uniq_menkaure

Skill      XL: |  1  2  3  4  5  6 |
---------------+-------------------+-----
Short Blades   | 1 2 |  2.1
Long Blades    | 1 2 |  2.1
Maces & Flails | 1 2 |  2.1
Polearms       | 1 2 |  2.1
Staves         | 1 2 |  2.1
Slings         | 1 2 |  2.1
Bows           | 1 2 |  2.1
Crossbows      | 1 2 |  2.1
Throwing       | 1 2 |  2.1
Stealth        | 1 2 |  2.1
Shields        | 1 2 |  2.1
Unarmed Combat | 1 2 |  2.1
Spellcasting   | 1 2 |  2.1
Evocations     | 1 2 |  2.1
Conjurations   | 1 |  1.6
Hexes          | 1 |  1.6
Summonings     | 1 |  1.6
Necromancy     | 1 |  1.6
Translocations | 1 |  1.6
Transmutations | 1 |  1.6
Fire Magic     | 1 |  1.6
Ice Magic      | 1 |  1.6
Air Magic      | 1 |  1.6
Earth Magic    | 1 |  1.6
Poison Magic   | 1 |  1.6
Dodging        | 3 |  3.3
Invocations    | 5 |  5.1
Axes           | 5 |  5.0
Armour         | 5 |  5.0
Fighting       | |  6.9

Action                   |  1- 3 |  4- 6 || total
-------------------------+-------+-------++-------
Melee: Hand axe          |    77 |   146 ||   223
       Bite              |     8 |    11 ||    19
       Punch             |       |     1 ||     1
Invok: Depart the Abyss  |     1 |       ||     1
  Use: Scroll            |     5 |     4 ||     9
       Potion            |       |     2 ||     2
Armor: Leather armour    |    22 |    26 ||    48
       Chain mail        |       |    16 ||    16
Dodge: Dodged            |    64 |    95 ||   159

Table legend: (Time is in decaauts)
 A = Elapsed time spent in this place.
 B = Non-inter-level travel time spent in this place.
 C = Inter-level travel time spent in this place.
 D = Time resting spent in this place.
 E = Time spent auto-exploring this place.
 F = Levels seen in this place.
 G = Mean time per level.
                   A        B        C        D        E       F      G
               +--------+--------+--------+--------+--------+-----+--------+
         Total |   3905 |   3809 |     96 |    711 |   2461 |   6 |  650.8 |
       Dungeon |   3853 |   3757 |     96 |    711 |   2434 |   4 |  963.2 |
         Abyss |     52 |     52 |      0 |      0 |     27 |   2 |   26.0 |
               +--------+--------+--------+--------+--------+-----+--------+

Top non-repeatable levels by time:
     D:2: 1473 daAuts
     D:1: 1105 daAuts
     D:3: 1105 daAuts
     D:4: 169 daAuts
 Abyss:1: 32 daAuts
 Abyss:2: 20 daAuts
